AoeStats
← persephone9

Yucatan

503123130Analyzed
2v2 RM · 1mo ago on Aug 30, 2026· 50m 50s· 4 players
Game mode
Random Map
Map size
Medium (4 player)
Population
200
Speed
Normal
Resources
Standard
Victory
Conquest
Starting age
Dark Age
Ending age
Imperial Age
RankedLock teamsTeams togetherTeam positionsShared explorationLock speedFull tech treeHidden civsTurbo modeCheats
Victory
Defeat
🇫🇷 Bulgarians · France
819
+15
🇺🇸 Bohemians · United States
814
+15
835
-17
🇺🇸 Japanese · United States
760
-13
persephone9
0:43 Loom
11:02 Feudal Age
11:31 Town Watch
21:50 Castle Age
20:07 Horse Collar
20:17 Double-Bit Axe
25:17 Fervor
31:24 Imperial Age
30:38 Chemistry
29:49 Fletching
36:11 Conscription
38:22 Caravan
42:43 Houfnice
42:47 Elite Hussite Wagon
48:03 Heavy Plow
48:00 Bodkin Arrow
48:11 Siege Engineers
48:01 Murder Holes
48:27 Ballistics
48:18 Fortified Wall
48:12 Scale Mail Armor
48:12 Padded Archer Armor
49:12 Bracer
Hannibal Barca
0:37 Loom
13:53 Feudal Age
15:13 Wheelbarrow
14:20 Horse Collar
14:27 Double-Bit Axe
14:57 Town Watch
15:05 Gold Mining
15:08 Stone Mining
22:21 Castle Age
23:22 Hand Cart
23:35 Bow Saw
23:30 Heavy Plow
25:39 Caravan
27:30 Stone Shaft Mining
27:37 Gold Shaft Mining
27:32 Elite Skirmisher
35:58 Fervor
40:02 Imperial Age
37:55 Husbandry
39:50 Bloodlines
39:56 Forging
39:52 Scale Barding Armor
41:18 Conscription
41:37 Iron Casting
41:22 Chain Barding Armor
41:36 Crop Rotation
42:14 Stone Shaft Mining
43:26 Blast Furnace
42:12 Capped Ram
43:44 Stirrups
44:45 Plate Barding Armor
44:08 Elite Konnik
44:52 Squires
46:28 Ballistics
46:36 Masonry
46:21 Murder Holes
46:46 Arson
46:48 Gambesons
47:07 Scale Mail Armor
47:56 Bagains
48:04 Bagains
48:25 Chain Mail Armor
49:29 Plate Mail Armor
48:50 Fletching
49:11 Onager
50:39 Town Patrol
51:12 Architecture
50:39 Bodkin Arrow
50:45 Padded Archer Armor
[[email protected]] Darku$ [+]
0:26 Loom
11:55 Feudal Age
12:23 Double-Bit Axe
14:04 Horse Collar
20:06 Castle Age
19:00 Wheelbarrow
18:26 Stone Mining
21:39 Stone Shaft Mining
20:54 Gold Mining
21:17 Bow Saw
21:12 Heavy Plow
22:49 Hand Cart
26:13 Crossbowman
26:59 Thumb Ring
31:32 Gold Shaft Mining
33:19 Town Watch
34:26 Forging
34:16 Scale Mail Armor
34:21 Scale Barding Armor
34:15 Guard Tower
36:17 Iron Casting
35:43 Padded Archer Armor
36:05 Fortified Wall
35:50 Murder Holes
36:35 Squires
36:20 Arson
37:10 Masonry
37:56 Town Patrol
41:22 Imperial Age
38:45 Fletching
39:10 Leather Archer Armor
39:19 Ballistics
40:23 Nomads
40:46 Chain Barding Armor
40:41 Chain Mail Armor
40:42 Leather Archer Armor
40:22 Bodkin Arrow
40:14 Pikeman
41:38 Fervor
41:35 Sappers
42:40 Hoardings
41:30 Capped Ram
42:35 Siege Engineers
42:22 Arbalester
43:32 Conscription
44:47 Blast Furnace
44:51 Chemistry
43:21 Elite Skirmisher
43:57 Man-at-Arms
45:11 Plate Mail Armor
44:42 Bracer
45:06 Atonement
45:08 Devotion
45:04 Herbal Medicine
46:10 Drill
45:51 Elite Mangudai
47:49 Faith
49:13 Long Swordsman
50:09 Two-Handed Swordsman
tbzachary
8:17 Loom
10:47 Feudal Age
17:25 Castle Age
18:36 Scale Mail Armor
18:47 Forging
18:47 Stone Mining
18:54 Pikeman
19:35 Squires
19:49 Double-Bit Axe
21:15 Chain Mail Armor
21:35 Iron Casting
21:04 Gold Mining
28:19 Horse Collar
29:45 Caravan
30:47 Iron Casting
35:01 Imperial Age
35:28 Gold Shaft Mining
38:25 Kataparuto
37:32 Halberdier
38:58 Scale Barding Armor
39:26 Plate Mail Armor
39:57 Blast Furnace
39:01 Heavy Plow
39:15 Bow Saw
43:40 Gambesons
43:16 Man-at-Arms
44:31 Man-at-Arms
46:20 Elite Samurai
46:59 Long Swordsman
47:33 Long Swordsman
Connection lost

Rejoining the realm…

Still unreachable

The connection could not be restored.

Session expired

The server has moved on; the page needs a fresh start.